 Dungeon Crawl Stone Soup version 0.21.1-1-g345015fe64 (webtiles) character file.

194 Lennu the Cutter (level 5, 0/42 HPs)
             Began as a Demonspawn Chaos Knight on May 25, 2018.
             Slain by tobi4572's ghost (3 damage)
             ... on level 3 of the Dungeon.
             The game lasted 00:06:31 (3686 turns).

Lennu the Cutter (Demonspawn Chaos Knight)          Turns: 3686, Time: 00:06:32

Health: 0/42       AC:  5    Str: 13    XL:     5   Next: 44%
Magic:  5/5        EV: 12    Int: 14    God:    Xom [..*...]
Gold:   3177       SH:  0    Dex: 12    Spells: 4/4 levels left

rFire    + . .     SeeInvis .   a - +0 short sword (chaos)
rCold    . . .     Gourm    .   (no shield)
rNeg     . . .     Faith    .   b - +2 leather armour
rPois    .         Spirit   .   (helmet restricted)
rElec    .         Reflect  .   (no cloak)
rCorr    .         Harm     .   (no gloves)
MR       .....                  (no boots)
Stlth    +.........             (no amulet)
HPRegen  0.14/turn              (no ring)
MPRegen  0.09/turn              (no ring)

@: no status effects
A: horns 1, fire resistance 1
a: Renounce Religion


You were on level 3 of the Dungeon.
You worshipped Xom.
You were a toy of Xom.
You were not hungry.

You visited 1 branch of the dungeon, and saw 3 of its levels.

You collected 3177 gold pieces.

Inventory:

Hand Weapons
 a - a +0 short sword of chaos (weapon)
Armour
 b - a +2 leather armour (worn)
Scrolls
 d - 3 scrolls of identify
 e - 4 scrolls of amnesia
 f - a scroll of blinking
 h - 2 scrolls of immolation
 i - 3 scrolls of remove curse {unknown}
Potions
 g - a potion of ambrosia {unknown}
 j - a potion of haste {unknown}
Comestibles
 c - 2 rations
 k - 3 chunks of flesh


   Skills:
 + Level 3.7 Fighting
 + Level 4.2 Short Blades
 + Level 2.4 Armour
 + Level 2.0 Dodging
 + Level 1.3 Stealth


You had 4 spell levels left.
You didn't know any spells.

Dungeon Overview and Level Annotations

Branches:
Dungeon (3/15)

Altars:
Xom

Annotations:
D:3 tobi4572's ghost, weakling DrBe


Innate Abilities, Weirdness & Mutations

You have a pair of small horns on your head.
Your flesh is heat resistant. (rF+)


Message History

Tobi4572's ghost flickers and vanishes!
Deactivating autopickup; reactivate with Ctrl-A.
The quokka bites you. Something hits you.
You barely miss something.
The quokka bites you but does no damage.
Something hits you but does no damage.
The quokka bites you but does no damage.
You miss something. Something hits you.
* * * LOW HITPOINT WARNING * * *
The quokka barely misses you. Something hits you.
* * * LOW HITPOINT WARNING * * *
Something barely misses you. Something hits you.
* * * LOW HITPOINT WARNING * * *
Something hits you but does no damage. Something hits you.
* * * LOW HITPOINT WARNING * * *
Something hits you.
You die... "This toy is broken."

## ##### #.##
#...###### ...#.
#.#..r...# .....
#..{####.#####...#.
##@## #.....)).... #.#
########.##.
#####.##### #
#.....รท...# ##+##
#.###.###.## ##...##
#......# ##.....#
####...# ##.......
#.....###........
#.####.......+........


You could see a quokka.

Vanquished Creatures
  A centaur (D:2)
  3 adders (D:2)
  A gnoll (D:2)
  An ooze (D:1)
  2 dart slugs (D:1)
  2 leopard geckos
  An orc (D:3)
  3 ball pythons (D:2)
  6 bats
  6 giant cockroaches
  4 goblins (D:2)
  8 hobgoblins
  A quokka (D:3)
  2 frilled lizards (D:2)
  11 kobolds
  6 rats
58 creatures vanquished.

Vanquished Creatures (collateral kills)
  2 gnolls (D:2)
2 creatures vanquished.

Grand Total: 60 creatures vanquished

Notes
Turn   | Place    | Note
-------+----------+-------------------------------------------
     0 | D:1      | Lennu the Demonspawn Chaos Knight began the quest for the Orb.
     0 | D:1      | Reached XP level 1. HP: 18/18 MP: 1/1
    59 | D:1      | XOM: divination: detect items
    77 | D:1      | Reached skill level 3 in Short Blades
    90 | D:1      | Gained mutation: Your flesh is heat resistant. (rF+) [demonic ancestry]
    90 | D:1      | Reached XP level 2. HP: 11/24 MP: 2/2
    91 | D:1      | XOM: harmless Necr miscast
   528 | D:1      | Reached skill level 1 in Dodging
   940 | D:1      | Reached XP level 3. HP: 25/29 MP: 3/3
  1772 | D:2      | XOM: smoke on damage
  1863 | D:2      | XOM: harmless Necr miscast
  1896 | D:2      | HP: 1/29 [poisoned by an adder]
  1953 | D:2      | XOM: divination: detect creatures
  2369 | D:2      | XOM: mild Tloc miscast
  2376 | D:2      | Gained mutation: You have a pair of small horns on your head. [demonic ancestry]
  2376 | D:2      | Reached XP level 4. HP: 27/35 MP: 4/4
  2544 | D:2      | XOM: scenery: create altars
  2752 | D:2      | XOM: summons friendly hellwing
  3087 | D:2      | XOM: god gift: 3050 gold pieces
  3113 | D:2      | XOM: mild Air miscast
  3225 | D:2      | Noticed a centaur
  3233 | D:2      | XOM: chaos cloud
  3237 | D:2      | Killed a centaur
  3237 | D:2      | Reached skill level 4 in Short Blades
  3237 | D:2      | Reached skill level 1 in Stealth
  3237 | D:2      | Reached XP level 5. HP: 9/42 MP: 5/5
  3659 | D:3      | Noticed tobi4572's ghost (weakling DrBe)
  3661 | D:3      | XOM: harmless Summ miscast
  3686 | D:3      | Slain by tobi4572's ghost

Skill      XL: |  1  2  3  4 |
---------------+-------------+-----
Short Blades   | 3 4 |  4.2
Dodging        | 1 2 |  2.0
Armour         | 2 |  2.4
Stealth        | 1 |  1.3
Fighting       | |  3.7

Action                   |  1- 3 |  4- 6 || total
-------------------------+-------+-------++-------
Melee: Short sword       |   164 |    76 ||   240
       Headbutt          |       |     7 ||     7
  Use: Scroll            |     5 |       ||     5
       Potion            |     3 |     2 ||     5
 Stab: Confused          |     2 |       ||     2
       Petrified         |       |     2 ||     2
       Sleeping          |       |     2 ||     2
  Eat: Chunk             |     4 |     5 ||     9
Armor: Leather armour    |    63 |    24 ||    87
Dodge: Dodged            |    80 |    40 ||   120
